 Dungeon Crawl Stone Soup version 0.29.0-4-gdea44cf6ec (webtiles) character file.

Game seed: 2117852618405188477

767 qw the Cleaver (level 7, -6/41 HPs)
             Began as a Tengu Warper on Aug 28, 2022.
             Was an Initiate of Okawaru.
             Succumbed to a kobold's poison
             ... on level 5 of the Dungeon.
             The game lasted 00:00:29 (4909 turns).

qw the Cleaver (Tengu Warper)                       Turns: 4909, Time: 00:00:29

Health: -6/41      AC: 13    Str: 13    XL:     7   Next: 82%
Magic:  11/11      EV:  7    Int: 14    God:    Okawaru [......]
Gold:   279        SH:  5    Dex: 15    Spells: 10/10 levels left

rFire   . . .      SeeInvis .   e - +0 war axe
rCold   . . .      Faith    .   (no shield)
rNeg    . . .      Spirit   .   j - +1 chain mail "Faowijun" {Dex+2 Stlth+}
rPois   .          Reflect  +   (helmet restricted)
rElec   .          Harm     .   (no cloak)
rCorr   .          Rampage  .   c - +2 pair of gloves
Will    .....                   (boots unavailable)
Stlth   ..........              i - amulet of reflection
HPRegen 0.13/turn               (no ring)
MPRegen 0.12/turn               (no ring)

@: lethally poisoned (-6 -> -38), flying quickly and evasively, quick
A: beak, talons 3, nimble flight
a: Renounce Religion


You were on level 5 of the Dungeon.
You worshipped Okawaru.
Okawaru was noncommittal.
You visited 1 branch of the dungeon, and saw 5 of its levels.

You collected 321 gold pieces.
You spent 42 gold pieces at shops.


Innate Abilities, Weirdness & Mutations

You have a beak for a mouth.
You have claws for feet.
Your magical nature lets you fly swiftly and evasively.


   Skills:
 - Level 3.6 Fighting
 + Level 8.3 Axes
 - Level 1.0 Throwing
 - Level 3.0 Armour
 - Level 2.1 Dodging
 - Level 2.0 Spellcasting
 - Level 2.4 Translocations


You had 10 spell levels left.
You didn't know any spells.
Your spell library contained the following spells:

 Spells                   Type           Power      Damage    Failure   Level
 Blink                    Tloc           16%        N/A       99%         2
 Gell's Gravitas          Tloc           8%         N/A       100%        3
 Lesser Beckoning         Tloc           8%         N/A       100%        3
 Teleport Other           Tloc           8%         N/A       100%        3
 Manifold Assault         Tloc           8%         N/A       100%        5

Inventory:

Hand Weapons
 d - a +0 flail
 e - a +0 war axe (weapon)
Armour
 c - a +2 pair of gloves (worn)
 j - the +1 chain mail "Faowijun" (worn) {Dex+2 Stlth+}
   (You found it on level 4 of the Dungeon)

   Dex:       It affects your dexterity (+2).
   Stlth:     It makes you more stealthy.
Jewellery
 i - an amulet of reflection (around neck)
Scrolls
 f - 3 scrolls of teleportation
 k - 2 scrolls of identify
 n - a scroll of enchant armour
Potions
 a - a potion of might
 b - a potion of curing
 g - 2 potions of heal wounds {unknown}
 l - 2 potions of resistance

Dungeon Overview and Level Annotations

Branches:
Dungeon (5/15)
 Temple: D:4-7

Altars:
Makhleb
Okawaru
Qazlal
Sif Muna
The Shining One

Shops:
D:1 (


Message History

You now have 279 gold pieces (gained 12).
You reach down and open the gate. 3 kobold brigands and 3 kobolds come into view.
A kobold is wielding a +0 dagger and quivering poisoned darts.
A kobold brigand is wielding a +0 club and quivering poisoned darts.
A kobold brigand is wielding a +0 dagger and quivering poisoned darts.
A kobold brigand is wielding a +0 short sword and quivering poisoned darts.
A kobold is wielding a +0 dagger and quivering poisoned darts.
The kobold brigand shouts!
The kobold shouts!
The kobold brigand shouts! x2
The kobold brigand throws a poisoned dart.
The poisoned dart hits you!
You are poisoned.
Found a fuming puce potion.
Enter note:
Enter note: You feel very sick.
The kobold brigand throws a poisoned dart.
The poisoned dart hits you!
You are more poisoned.
A kobold comes into view. It is wielding a +0 dagger.
The kobold throws a poisoned dart.
The poisoned dart closely misses you.
You feel very sick.
The kobold shouts!
The kobold brigand throws a poisoned dart.
The poisoned dart hits you.
You are more poisoned.
The kobold throws a poisoned dart.
The poisoned dart hits you!
You are more poisoned.
4905 ||| FLEEEEING.
You feel very sick.
The kobold brigand throws a poisoned dart.
The poisoned dart hits you!
You are lethally poisoned!
The kobold throws a poisoned dart.
The poisoned dart hits you!
You are more poisoned.
The kobold throws a poisoned dart.
The poisoned dart hits you!
You are more poisoned.
4906 ||| FLEEEEING.
You feel extremely sick.
The kobold throws a poisoned dart.
The poisoned dart closely misses you.
4907 ||| FLEEEEING.
You feel extremely sick.
You feel extremely sick.
You die...

#..........
########.###.#.###
#.........#.###.##
#.######.#.## ##.#
#.# ##.## ##. #.#
##.# #.# ###.####
#.# ### #......#
### #.#@#### ###
#.#.### ....
#.#.#.##.K...
#.#.#.'......
#.#...'.KK..!
#.###.'KK.... #.#
#.##..... #.# ###
.... #.. ###


There were no monsters in sight!

Vanquished Creatures
  Sigmund (D:3)
  An ogre (D:4)
  2 scorpions
  A howler monkey (D:5)
  A jelly (D:5)
  2 orc priests
  2 iguanas (D:5)
  2 orc wizards
  7 adders
  An ufetubus (D:5)
  2 worms
  2 dart slugs
  8 orcs
  5 ball pythons
  7 endoplasms
  A giant cockroach (D:4)
  6 goblins
  8 hobgoblins
  5 jackals
  5 kobolds
  4 quokkas
  6 bats
  2 frilled lizards
  5 rats
86 creatures vanquished.

Vanquished Creatures (others)
  6 toadstools (D:5)
6 creatures vanquished.

Grand Total: 92 creatures vanquished

Notes
Turn   | Place    | Note
-------+----------+-------------------------------------------
     0 | D:1      | qw the Tengu Warper began the quest for the Orb.
     0 | D:1      | Reached XP level 1. HP: 12/12 MP: 4/4
     0 | D:1      | 0 ||| qw: Version: 0.1-a-89-g26bdef1
     0 | D:1      | 0 ||| qw: Game counter: 1083
     0 | D:1      | 0 ||| qw: Always use a shield: true
     0 | D:1      | 0 ||| qw: God list: Okawaru
     0 | D:1      | 0 ||| qw: Allow faded altars: false
     0 | D:1      | 0 ||| qw: Do Orc after D:15 true
     0 | D:1      | 0 ||| qw: Do second Lair branch before Depths: true
     0 | D:1      | 0 ||| qw: Lair rune preference: random
     0 | D:1      | 0 ||| qw: Plans: Normal
     0 | D:1      | 0 ||| PLANNING D:1-11
   247 | D:1      | Found a faded altar of an unknown god.
   272 | D:1      | Reached skill level 3 in Axes
   272 | D:1      | Reached XP level 2. HP: 17/17 MP: 6/6
   635 | D:1      | Found Toomic's Weapon Emporium.
   644 | D:1      | 644 ||| BUYING +0 mace (42 gold).
   644 | D:1      | Bought a +0 mace for 42 gold pieces
   644 | D:1      | 644 ||| SHOPLISTING +8 whip "Snakebite" {venom, curare,
                  | rPois} (758 gold, have 17).
   651 | D:1      | 651 ||| DROPPING +0 club.
  1273 | D:1      | 1273 ||| READING scroll labelled RIASHU QULIU.
  1274 | D:1      | 1274 ||| READING 2 scrolls labelled VIL BUFIGIUPNI.
  1278 | D:1      | 1278 ||| READING scroll labelled VEMEBO NINOSY.
  1279 | D:1      | 1279 ||| READING scroll labelled JIATIZX KIOLUA.
  1280 | D:1      | 1280 ||| READING 3 scrolls labelled TUXKY ZI URIGO.
  1281 | D:1      | 1281 ||| DRINKING 3 fizzy silvery potions.
  1282 | D:1      | 1282 ||| DRINKING 2 smoky amethyst potions.
  1283 | D:1      | 1283 ||| READING 2 scrolls of identify.
  1283 | D:1      | 1283 ||| IDENTIFYING green potion
  1284 | D:1      | 1284 ||| DROPPING scroll of blinking.
  1285 | D:1      | 1285 ||| DROPPING potion of flight.
  1298 | D:2      | 1298 ||| STAIRDANCE
  1304 | D:1      | Reached skill level 4 in Axes
  1304 | D:1      | Reached XP level 3. HP: 17/21 MP: 7/7
  1610 | D:2      | Reached XP level 4. HP: 23/26 MP: 8/8
  1819 | D:2      | 1819 ||| Stepping ~*~*~tactically~*~*~ (stealth).
  1822 | D:2      | 1822 ||| Stepping ~*~*~tactically~*~*~ (stealth).
  1827 | D:2      | 1827 ||| Stepping ~*~*~tactically~*~*~ (stealth).
  2127 | D:2      | 2127 ||| UPGRADING to +0 pair of gloves.
  2395 | D:3      | Found a stormy altar of Qazlal.
  2404 | D:3      | Reached skill level 5 in Axes
  2542 | D:3      | Found a glowing golden altar of the Shining One.
  2788 | D:3      | Noticed Sigmund
  2789 | D:3      | 2789 ||| DRINKING 2 potions of curing.
  2789 | D:3      | 2789 ||| (to cure confusion)
  2800 | D:3      | 2800 ||| DRINKING potion of curing.
  2800 | D:3      | 2800 ||| (to cure confusion)
  2808 | D:3      | HP: 3/26 [something (10)]
  2811 | D:3      | Killed Sigmund
  2812 | D:3      | Reached skill level 6 in Axes
  2812 | D:3      | Gained mutation: Your magical nature lets you fly swiftly
                  | and evasively. [Tengu growth]
  2812 | D:3      | Reached XP level 5. HP: 4/30 MP: 9/9
  2812 | D:3      | Reached XP level 6. HP: 4/35 MP: 10/10
  3272 | D:3      | 3272 ||| UPGRADING to +0 ring mail.
  3282 | D:3      | 3282 ||| DROPPING +0 leather armour.
  3283 | D:3      | 3283 ||| UPGRADING to +0 chain mail.
  3293 | D:3      | 3293 ||| DROPPING +0 ring mail.
  3294 | D:3      | 3294 ||| READING 3 scrolls of identify.
  3294 | D:3      | 3294 ||| IDENTIFYING sapphire potion
  3295 | D:3      | 3295 ||| DROPPING potion of degeneration.
  3365 | D:4      | 3365 ||| Stepping ~*~*~tactically~*~*~ (stealth).
  3602 | D:4      | 3602 ||| DROPPING +0 mace.
  3631 | D:4      | 3631 ||| READING scroll of enchant armour.
  3631 | D:4      | 3631 ||| ENCHANTING +0 pair of gloves.
  3668 | D:4      | Reached skill level 7 in Axes
  3724 | D:4      | 3724 ||| READING scroll of enchant armour.
  3724 | D:4      | 3724 ||| ENCHANTING +1 pair of gloves.
  3792 | D:4      | 3792 ||| Stepping ~*~*~tactically~*~*~ (hiding).
  3803 | D:4      | 3803 ||| FLEEEEING.
  3805 | D:4      | 3805 ||| FLEEEEING.
  3806 | D:4      | 3806 ||| FLEEEEING.
  3807 | D:4      | 3807 ||| FLEEEEING.
  3808 | D:4      | 3808 ||| FLEEEEING.
  3809 | D:4      | 3809 ||| FLEEEEING.
  3810 | D:4      | 3810 ||| FLEEEEING.
  3811 | D:4      | 3811 ||| FLEEEEING.
  3812 | D:4      | 3812 ||| FLEEEEING.
  3813 | D:4      | 3813 ||| FLEEEEING.
  3814 | D:4      | 3814 ||| FLEEEEING.
  3815 | D:4      | 3815 ||| FLEEEEING.
  3816 | D:4      | 3816 ||| FLEEEEING.
  3817 | D:4      | 3817 ||| FLEEEEING.
  3825 | D:4      | 3825 ||| FLEEEEING.
  3826 | D:4      | 3826 ||| FLEEEEING.
  3828 | D:4      | 3828 ||| STAIRDANCE
  3893 | D:3      | 3893 ||| DRINKING 2 glowing inky potions.
  4015 | D:4      | Reached skill level 3 in Fighting
  4015 | D:4      | Reached XP level 7. HP: 41/41 MP: 11/11
  4059 | D:4      | Found a shimmering blue altar of Sif Muna.
  4146 | D:4      | Identified the +1 chain mail "Faowijun" {Dex+2 Stlth+}
  4305 | D:4      | 4305 ||| UPGRADING to +1 chain mail "Faowijun" {Dex+2
                  | Stlth+}.
  4315 | D:4      | 4315 ||| DROPPING +0 chain mail.
  4316 | D:4      | 4316 ||| UPGRADING to amulet of reflection.
  4321 | D:4      | 4321 ||| DROPPING ring of wizardry.
  4322 | D:4      | 4322 ||| READING scroll labelled ZUS WEZIUNLIUR.
  4323 | D:4      | 4323 ||| DRINKING 2 fizzy orange potions.
  4365 | D:4      | 4365 ||| DROPPING potion of lignification.
  4404 | D:5      | Entered Level 5 of the Dungeon
  4569 | D:5      | 4569 ||| SWAPPING to +0 war axe.
  4576 | D:5      | 4576 ||| DROPPING +1 hand axe.
  4642 | D:5      | Found an iron altar of Okawaru.
  4659 | D:5      | Became a worshipper of Warmaster Okawaru
  4711 | D:5      | Found a burning altar of Makhleb.
  4765 | D:5      | Reached skill level 8 in Axes
  4780 | D:5      | 4780 ||| DRINKING 2 potions of curing.
  4780 | D:5      | 4780 ||| (to cure confusion)
  4782 | D:5      | Reached skill level 3 in Armour
  4905 | D:5      | 4905 ||| FLEEEEING.
  4906 | D:5      | 4906 ||| FLEEEEING.
  4907 | D:5      | 4907 ||| FLEEEEING.
  4907 | D:5      | HP: 8/41 [poisoned by a kobold]
  4908 | D:5      | HP: 1/41 [poisoned by a kobold]
  4909 | D:5      | Succumbed to a kobold's poison

Levels and vault maps discovered:
D:1:      dpeg_arrival_another_circle, layout_basic, serial_shops,
          nicolae_shop_stone, ebering_ecumenical_altar_sacrificial
D:2:      layout_loops_ring
D:3:      layout_basic, nicolae_qazlal_scattered_showers,
          nicolae_tso_carved_into_rock, uniq_sigmund
D:4:      layout_loops_cross, overflow_temple_1_default, minmay_misc_feat_square
D:5:      cheibrodos_fertilizer, layout_loops_ring,
          mainiacjoe_overflow_six_doors_small, amcnicky_altar_gilded

Skill      XL: |  1  2  3  4  5  6  7 |
---------------+----------------------+-----
Axes           | 3 4 6 7 8 |  8.3
Armour         | 2 3 |  3.0
Fighting       | 3 |  3.6
Throwing       | |  1.0
Dodging        | |  2.1
Spellcasting   | |  2.0
Translocations | |  2.4

Action                   |  1- 3 |  4- 6 |  7- 9 || total
-------------------------+-------+-------+-------++-------
Melee: Hand axe          |    53 |   128 |    20 ||   201
       Peck              |     5 |    25 |    12 ||    42
       Kick              |    13 |    26 |    29 ||    68
       Punch             |       |     1 |       ||     1
       War axe           |       |       |    55 ||    55
Throw: Boomerang         |     7 |       |       ||     7
  Use: Scroll            |     6 |     3 |     1 ||    10
       Potion            |     2 |     3 |     2 ||     7
Armor: Leather armour    |     9 |    16 |       ||    25
       Chain mail        |       |    28 |    39 ||    67
Dodge: Dodged            |    26 |    44 |    17 ||    87
Block: Other             |       |       |    14 ||    14

Table legend:
 A = Non-vault XP
 B = Vault XP
 C = Vault XP percentage of total XP
 D = Non-vault monster count
 E = Vault monster count
 F = Vault count percentage of total count
                 A         B        C        D         E       F
            +---------+---------+-------+---------+---------+-------
      Total |     870 |     226 |  20.6 |      85 |       1 |   1.2
            +---------+---------+-------+---------+---------+-------
        D:1 |      46 |       0 |   0.0 |      19 |       0 |   0.0
        D:2 |      51 |       0 |   0.0 |      16 |       0 |   0.0
        D:3 |      42 |     226 |  84.3 |      17 |       1 |   5.6
        D:4 |     365 |       0 |   0.0 |      19 |       0 |   0.0
        D:5 |     366 |       0 |   0.0 |      14 |       0 |   0.0
            +---------+---------+-------+---------+---------+-------
